 Dungeon Crawl Stone Soup version 0.27-a0-1301-g128193abf8 (webtiles) character file.

Game seed: 4695239662664929667

272 sanka the Magician (level 6, 0/40 HPs)
             Began as a Djinni Summoner on June 17, 2021.
             Slain by an orc wizard (3 damage)
             ... on level 4 of the Dungeon.
             The game lasted 00:08:59 (6925 turns).

sanka the Magician (Djinni Summoner)                Turns: 6925, Time: 00:09:00

Health: 0/40       AC:  2    Str:  7    XL:     6   Next: 48%
Gold:   133        EV: 12    Int: 18    God:
                   SH:  0    Dex: 14

rFire    + + .     SeeInvis .   o - +2 short sword (drain)
rCold    x . .     Faith    .   (no shield)
rNeg     . . .     Spirit   .   a - +0 robe
rPois    ∞         Reflect  .   (no helmet)
rElec    .         Harm     .   (no cloak)
rCorr    .         Rampage  .   (no gloves)
Will     .....                  (boots unavailable)
Stlth    ++........             (no amulet)
HPRegen  0.13/turn              (no ring)
MPRegen  0.00/turn              (no ring)

@: flying
A: sickness immunity, fire resistance 2, cold vulnerability 1, float, innate
caster, hp casting, extra vitality 1
a: no special abilities


You were on level 4 of the Dungeon.
You visited 1 branch of the dungeon, and saw 4 of its levels.
You also visited: Sewer.

You collected 133 gold pieces.


Innate Abilities, Weirdness & Mutations

You are immune to sickness and miasma.
You are immune to poison.
Your flesh is very heat resistant. (rF++)
You are vulnerable to cold. (rC-)
You float through the air rather than walking.
You learn spells naturally, not from books.
Your magical power is your life essence.
You have superior vitality. (+4 HP)


   Skills:
 - Level 2.1 Dodging
 - Level 1.5 Stealth
 + Level 5.7 Spellcasting


You couldn't memorise any spells.
You knew the following spells:

 Your Spells              Type           Power      Damage    Failure   Level
c - Call Canine Familiar  Summ           25%        N/A       3%          3
e - Apportation           Tloc           50%        N/A       1%          1
v - Summon Ice Beast      Ice/Summ       25%        N/A       12%         4
x - Call Imp              Summ           25%        N/A       1%          2
y - Ensorcelled Hibernat  Hex/Ice        50%        N/A       1%          2
z - Summon Small Mammal   Summ           100%       N/A       1%          1
X - Summon Lightning Spi  Summ/Air       25%        N/A       12%         4
Z - Summon Guardian Gole  Hex/Summ       25%        N/A       3%          3
Your spell library was empty.

Inventory:

Hand Weapons
 f - a +0 whip
 i - a +0 war axe
 o - a +2 short sword of draining (weapon)
Missiles
 n - a curare-tipped dart {=f}
Armour
 a - a +0 robe (worn)
Scrolls
 b - 2 scrolls of holy word {unknown}
 c - 4 scrolls of teleportation {unknown}
 d - a scroll of enchant weapon {unknown}
 e - a scroll of fear {unknown}
 g - a scroll of vulnerability {unknown}
 h - 2 scrolls of brand weapon {unknown}
 k - 2 scrolls of fog {unknown}
 m - a scroll of blinking {unknown}
 s - a scroll of identify {unknown}
Potions
 j - 2 potions of attraction {unknown}
 l - a potion of ambrosia {unknown}
 p - a potion of curing {unknown}
 q - 3 potions of flight {unknown}
 r - a potion of heal wounds {unknown}

Dungeon Overview and Level Annotations

Branches:
Dungeon (4/15)              Sewer (visited)
 Temple: D:4-7

Altars:
Okawaru
Qazlal
Sif Muna
Uskayaw
Vehumet
Wu Jian
Xom

..▒.▒▒ ..▒...▒▒▒▒ ▒.▒....£..▒
▒▒ ▒.▒.▒......▒ ..
▒.▒.▒......▒▒ ▒.▒
▒.▒.▒.......▒▒▒▒▒ ▒..
▒...▒...........▒▒▒▒▒▒▒▒▒
▒▒.▒▒..)▒.....▒..▒▒..........
..o.....▒.....▒▒R...▒.....▒▒▒▒
o..).l<()..▒▒▒▒.<.........>..▒
....▒▒.▒.....oZ.▒▒▒.▒▒........
.......▒▒...Sl▒▒▒▒▒.▒▒o......▒
..........▒....l..▒.ZS.......▒
.£...▒▒▒▒▒▒▒....▒.▒..........▒
.....▒ ▒▒▒..S..S▒▒.......▒
..▒▒.▒ ▒...............▒ ..
..▒ ▒...▒▒▒▒▒.......▒


You could see an iguana, an orc priest, a ball python and a hound skeleton.


Message History

The ball python constricts you.
You escape the ball python's grasp.
Found an escape hatch in the floor.
A hobgoblin comes into view.
A hound skeleton comes into view.
The hobgoblin shouts! 3 orcs come into view.
The hound skeleton bites you but does no damage.
The orc priest shouts!
You hear a shout!
The orc priest looks satisfied for a moment.
Found 10 stones.
The orc priest hits you but does no damage.
Found a long sword.
The orc wizard shouts!
The orc wizard casts a spell.
The orc wizard flickers and vanishes!
Deactivating autopickup; reactivate with Ctrl-A.
The hound skeleton misses you.
You hit something. The hound skeleton bites you.
* * * LOW HITPOINT WARNING * * *
Something barely misses you. The hound skeleton barely misses you.
Something hits you.
* * * LOW HITPOINT WARNING * * *
The hound skeleton bites you.
* * * LOW HITPOINT WARNING * * *
Something hits you.
You die...

Action                   |  1- 3 |  4- 6 || total
-------------------------+-------+-------++-------
Melee: Unarmed           |    28 |       ||    28
       Whip              |   109 |       ||   109
       War axe           |    16 |    53 ||    69
       Short sword       |       |    64 ||    64
 Cast: Summon Small Mamm |    27 |       ||    27
       Call Imp          |    22 |    23 ||    45
 Stab: Distracted        |     2 |     1 ||     3
       Sleeping          |     1 |     5 ||     6
Armor: Robe              |    25 |    24 ||    49
Dodge: Dodged            |   119 |    96 ||   215

Levels and vault maps discovered:
D:1:      moated_graveyard_arrival, layout_basic, serial_forest,
          infiniplex_forest_end_2, infiniplex_forest_clump_medium,
          infiniplex_forest_clump_tiny, infiniplex_forest_lined_2
D:2:      layout_loops_ring, basic_altar, shapermc_ecumenical_altar_flowoftime,
          minmay_misc_feat_enclosed
D:3:      layout_basic, overflow_temple_1_default, nicolae_uskayaw_en_pointe,
          nicolae_overflow_quartered_altars, pdpol_wu_jian_five_deadly_venoms,
          portal_sewer_entry_a, minmay_misc_feat_diagonals, grunt_ministairs_11
D:4:      layout_rooms, grunt_temple_overflow_order_and_chaos_2,
          kennysheep_mini, uniq_robin, uniq_menkaure, uniq_eustachio,
          uniq_duvessa

Notes
Turn   | Place    | Note
-------+----------+-------------------------------------------
     0 | D:1      | sanka the Djinni Summoner began the quest for the Orb.
     0 | D:1      | Reached XP level 1. HP: 15/15 MP: 0/0
   718 | D:1      | Reached XP level 2. HP: 18/21 MP: 0/0
  1439 | D:1      | Reached XP level 3. HP: 15/25 MP: 0/0
  1439 | D:1      | Learned a level 1 spell: Apportation
  1756 | D:1      | Reached skill level 4 in Spellcasting
  2561 | D:2      | Noticed an ogre
  2911 | D:2      | HP: 2/25 [adder (4)]
  3306 | D:2      | Reached XP level 4. HP: 7/31 MP: 0/0
  3812 | D:2      | Killed an ogre
  3813 | D:2      | Reached XP level 5. HP: 29/35 MP: 0/0
  3813 | D:2      | Learned a level 2 spell: Ensorcelled Hibernation
  3874 | D:2      | Found a hide-covered altar of Uskayaw.
  4062 | D:2      | Found a faded altar of an unknown god.
  4561 | D:3      | Noticed a +0 dagger
  4562 | D:3      | Noticed a +0 dagger
  4564 | D:3      | Noticed a +0 falchion
  4564 | D:3      | Noticed a +0 spear
  4564 | D:3      | Noticed a +0 short sword
  4565 | D:3      | Noticed a +0 falchion
  4566 | D:3      | Noticed a +0 spear
  4566 | D:3      | Noticed a +0 short sword
  4580 | D:3      | Found a hide-covered altar of Uskayaw.
  4648 | D:3      | Found a glowing drain.
  4649 | D:3      | Found a shimmering altar of Xom.
  4656 | D:3      | Reached skill level 5 in Spellcasting
  4671 | Sewer    | Entered a sewer
  4844 | Sewer    | Noticed a kobold brigand
  4893 | Sewer    | Killed a kobold brigand
  4894 | Sewer    | Reached XP level 6. HP: 11/40 MP: 0/0
  5135 | Sewer    | Found a white marble altar of Elyvilon.
  5927 | D:3      | Found an ornate altar of the Wu Jian Council.
  5996 | D:3      | Found a stormy altar of Qazlal.
  6007 | D:3      | Found an iron altar of Okawaru.
  6924 | D:4      | HP: 3/40 [hound skeleton (2)]
  6925 | D:4      | Slain by an orc wizard

Vanquished Creatures
  A scorpion (D:3)
  4 adders
  2 worms
  A dart slug (D:3)
  An orc (D:3)
  4 bats
  3 endoplasms
  6 giant cockroaches
  6 goblins
  7 hobgoblins
  9 jackals
  6 kobolds
  A quokka (D:3)
  5 ball pythons
  A frilled lizard (D:2)
  8 rats
65 creatures vanquished.

Vanquished Creatures (collateral kills)
  An ogre (D:2)
  A kobold brigand (Sewer)
  A river rat (D:3)
  3 adders
  A dart slug (D:2)
  An orc (D:4)
  3 ball pythons (D:1)
  2 bats (D:1)
  An endoplasm (D:2)
  2 giant cockroaches
  5 hobgoblins
  8 jackals
  3 kobolds
  4 frilled lizards
  A rat (D:1)
37 creatures vanquished.

Vanquished Creatures (others)
  A kobold (Sewer)
  3 plants (D:1)
4 creatures vanquished.

Grand Total: 106 creatures vanquished
